 Dungeon Crawl Stone Soup version 0.19-a0-994-g3c636f0 (webtiles) character file.

389 MrRokkomies the Chiller (level 6, -4/46 HPs)
             Began as a Vampire Ice Elementalist on July 15, 2016.
             Slain by Grinder (9 damage)
             ... on level 4 of the Dungeon.
             The game lasted 00:09:50 (3807 turns).

MrRokkomies the Chiller (Vampire Ice Elementalist)  Turns: 3807, Time: 00:09:52

Health: -4/46      AC:  2    Str:  7    XL:     6   Next: 49%
Magic:  9/10       EV: 13    Int: 19    God:
Gold:   178        SH:  0    Dex: 15    Spells: 3 memorised, 3 levels left

rFire  . . .     SeeInvis +     a - +0 falchion
rCold  + . .     Gourm    .     i - +0 robe
rNeg   + + .     Faith    .     (no shield)
rPois  +         Spirit   .     (no helmet)
rElec  .         Dismiss  .     (no cloak)
rCorr  .         Reflect  .     (no gloves)
SustAt .         Harm     .     (no boots)
MR     .....                    (no amulet)
Stlth  +++.......               (no ring)
                                (no ring)

@: regenerating slowly, not resistant to hostile enchantments, fairly stealthy
A: fangs 3, see invisible, unbreathing
a: Bat Form


You were on level 4 of the Dungeon.
You were very thirsty.

You visited 1 branch of the dungeon, and saw 4 of its levels.

You collected 178 gold pieces.

Inventory:

Hand Weapons
 a - a +0 falchion (weapon)
 p - a +0 hunting sling
Missiles
 g - 5 tomahawks (quivered)
 h - 4 curare-tipped needles
 q - 19 sling bullets
Armour
 i - a +0 robe (worn)
Wands
 l - a wand of confusion (14/48)
 s - a wand of slowing (48/48)
 u - a wand of random effects (20/48)
Scrolls
 t - a scroll of remove curse
Potions
 c - a potion of beneficial mutation {unknown}
 d - a potion of curing {unknown}
 e - 2 potions of haste {unknown}
 f - a potion of ambrosia {unknown}
 j - a potion of cancellation {unknown}
 k - a potion of magic {unknown}
 m - 2 potions of flight
 n - a potion of heal wounds {unknown}
 o - a potion of lignification {unknown}
 r - a potion of berserk rage {unknown}
Books
 b - a book of Frost

   Spells                             Type                      Level
   a - Freeze                         Ice                          1
   b - Throw Frost                    Conjuration/Ice              2
   c - Ozocubu's Armour               Charms/Ice                   3
   d - Throw Icicle                   Conjuration/Ice              4
   e - Summon Ice Beast               Ice/Summoning                4


   Skills:
 - Level 2.7 Fighting
 * Level 1.8 Long Blades
 - Level 2.1 Dodging
 - Level 3.0 Stealth
 - Level 3.0 Spellcasting
   Level 0.6 Conjurations
 * Level 2.2 Summonings
 - Level 5.0 Ice Magic


You had 3 spell levels left.
You knew the following spells:

 Your Spells              Type           Power        Failure   Level  Hunger
a - Freeze                Ice            ###.         1%          1    None
b - Ozocubu's Armour      Chrm/Ice       ##......     17%         3    ###....
c - Summon Ice Beast      Ice/Summ       ###.....     38%         4    ####...


Dungeon Overview and Level Annotations

Branches:
Dungeon (4/15)
 Temple: D:4-7

Altars:
Ashenzari
Fedhas
Qazlal
Yredelemnul

Annotations:
D:4 Grinder


Innate Abilities, Weirdness & Mutations

You heal slowly.
You have razor-sharp teeth.
You have supernaturally acute eyesight. (SInv)
You can survive without breathing.


Message History

Evoke which item? (* to show all) (? for menu, Esc to quit)
Zapping:
u - a wand of random effects {zapped: 8} (will waste charges)
Press: ? - help, Shift-Dir - straight line, f/p - Grinder
Aim: Grinder (lightly wounded)
The bolt of fire hits Grinder.
Grinder is heavily wounded.
Evoking this partially-identified wand wasted a few charges.
Grinder hits you.
Evoke which item? (* to show all) (? for menu, Esc to quit)
Zapping:
u - a wand of random effects {zapped: 11} (will waste charges)
Press: ? - help, Shift-Dir - straight line, f/p - Grinder
Aim: Grinder (heavily wounded)
The mass of ice explodes!
The iceblast engulfs Grinder.
Grinder partially resists.
Grinder is severely wounded.
The iceblast engulfs you! You partially resist.
* * * LOW HITPOINT WARNING * * *
Evoking this partially-identified wand wasted a few charges.
Grinder hits you!
You die...

######### #.......#
############.#####.#
#............# #.#
#.################.#
#.# #.@..# #.#
#5#### ..# #.#
########## #.#
.........# #.#
########.######.# #
#.%......>
...######## ##
#.######.#
#.....<..# .## #.#
#.# ########.#


You could see Grinder.

Vanquished Creatures
  Sigmund (D:2)
  A centaur skeleton (D:4)
  2 orc priests
  Jessica (D:3)
  Terence (D:2)
  3 adders (D:2)
  An ooze (D:4)
  A worm (D:4)
  3 dart slugs
  2 giant geckos
  6 orcs
  2 ball pythons (D:2)
  14 bats
  3 giant cockroaches (D:1)
  9 goblins
  2 hobgoblins
  4 jackals (D:1)
  2 giant newts
  7 kobolds
  5 rats
70 creatures vanquished.

Notes
Turn   | Place    | Note
-------+----------+-------------------------------------------
     0 | D:1      | MrRokkomies the Vampire Ice Elementalist began the quest for the Orb.
     0 | D:1      | Reached XP level 1. HP: 13/13 MP: 3/3
   388 | D:1      | Reached XP level 2. HP: 18/19 MP: 1/5
   906 | D:1      | Reached XP level 3. HP: 19/24 MP: 1/7
  1191 | D:2      | Found a stormy altar of Qazlal.
  1197 | D:2      | Found a shattered altar of Ashenzari.
  1200 | D:2      | Found a blossoming altar of Fedhas.
  1331 | D:2      | Learned a level 3 spell: Ozocubu's Armour
  1399 | D:2      | Noticed Sigmund
  1408 | D:2      | Killed Sigmund
  1408 | D:2      | Reached skill level 4 in Ice Magic
  1408 | D:2      | Reached XP level 4. HP: 12/33 MP: 0/8
  1408 | D:2      | Reached XP level 5. HP: 13/38 MP: 0/9
  1414 | D:2      | Learned a level 4 spell: Summon Ice Beast
  1972 | D:2      | Noticed Terence
  1994 | D:2      | Killed Terence
  1994 | D:2      | Reached skill level 5 in Ice Magic
  2524 | D:3      | Found a basalt altar of Yredelemnul.
  2797 | D:3      | Reached skill level 1 in Summonings
  2824 | D:3      | Reached XP level 6. HP: 41/46 MP: 3/10
  3025 | D:3      | Noticed Jessica
  3034 | D:3      | Killed Jessica
  3034 | D:3      | Reached skill level 1 in Long Blades
  3793 | D:4      | Noticed Grinder
  3807 | D:4      | Slain by Grinder

Vault maps used:
D:1:      wheals_arrival_shading, st_stairs_11, minmay_tripent
D:2:      grunt_temple_overflow_diamond, uniq_sigmund, uniq_terence
D:3:      nicolae_overflow_crystal_walls, uniq_jessica
D:4:      minmay_diamond_boxcup, uniq_grinder, uniq_pikel

Skill      XL: |  1  2  3  4  5  6 |
---------------+-------------------+-----
Spellcasting   | 3 |  3.0
Fighting       | 2 |  2.7
Ice Magic      | 4 5 |  5.0
Summonings     | 1 2 |  2.2
Long Blades    | 1 |  1.8
Dodging        | |  2.1
Stealth        | |  3.0
Conjurations   | |  0.6

Action                   |  1- 3 |  4- 6 || total
-------------------------+-------+-------++-------
Melee: Unarmed           |    30 |       ||    30
       Bite              |     5 |    13 ||    18
       Mace              |     9 |       ||     9
       Short sword       |    34 |    58 ||    92
       Falchion          |       |    46 ||    46
Throw: Tomahawk          |     1 |     1 ||     2
 Cast: Freeze            |    33 |    32 ||    65
       Ozocubu's Armour  |     1 |     1 ||     2
Evoke: Wand              |       |     5 ||     5
  Use: Scroll            |       |     7 ||     7
 Stab: Sleeping          |     2 |     5 ||     7
  Eat: Corpse            |     2 |     4 ||     6
Armor: Robe              |    42 |    19 ||    61
Dodge: Dodged            |   111 |    80 ||   191
